serge_lutens, lawful male human Archeologist --- ------------------ |.|---|................| --- |.|...|................| | --.--- ---- |.|...-..--|--.........| %| |....| --..-- |.|...|..|...|..-----..| . ---...-- |....| |.-----..|...|--- |..--|--- |......| |[|..| |........|...| +........ |.---..- |.|--- |........|---| |......- |.| |...| |.| |(----...|(((|+------..{...| |.--|..-- |.| |.| +...|(((|.............| |..|---- ..------.| |...|...--+-.....---|------- |..-- ----*.......----...--|-- |..-|-- ....... |...| |......----...|........| |..|..|----...d-------- ---.--- |.....-- |...|..#.....----..|..|%]@-...d|......| |...-----..-- |...|-....)....%+..|..| |..)Z@...._.| ---........| |...--..|..(.#.....--------..'r|....@.| |<.------- |.......|-................(.G.d-------- ---- --------|...----...)-----.......%....| ----- --..| |.....---....| ---- --.|.-- --.--- ----- --- serge_lutens the Investigator Experience level: 6 Strength: 17 Dexterity: 12 Constitution: 15 Intelligence: 13 Wisdom: 15 Charisma: 10 Health: 0(53) Energy: 32(32) Def: 3 Gold: 1439 Moves: 3749 Dungeon seed: 6NpRH_SyeyEZVB4d Game ID: serge_lutens_1526311852 Your Inventory: Coins $ - 1439 gold pieces Weapons a - a +2 bullwhip (alternate weapon; not wielded) Armor e - an uncursed +0 pair of iron shoes (being worn) n - an uncursed +0 fedora (being worn) y - an uncursed +0 studded leather armor (being worn) J - a cursed -3 pair of gauntlets of fumbling (being worn) Comestibles K - an uncursed orange Q - 2 uncursed tins of gnome meat R - an uncursed tin of gnome lord meat Spellbooks z - an uncursed spellbook of detect monsters Potions C - an uncursed potion of oil F - an uncursed potion of monster detection T - an uncursed potion of speed Wands l - a blessed wand of lightning (0:0) m - a wand of light (0:8) V - a wand of striking (0:4) Tools c - a +0 pick-axe (weapon in hand) d - a tinning kit (0:69) f - an uncursed sack o - an uncursed tin whistle p - 3 uncursed wax candles (0:400) P - a cursed tallow candle (0:200) Gems q - an uncursed touchstone O - an uncursed jade stone Spells and supernatural/magical abilities: Name Level Category Fail Memory n - detect monsters 1 divination 29% 100% R - restore ability 4 healing 100% 82% W - pray for help -- divine ? -- Your skills at the end: Fighting Skills Weapon Skills pick-axe [Basic] whip [Basic] Spellcasting Skills Final Attributes: You were piously aligned. You fumbled. You were stealthy. You were fast. You are dead. Vanquished creatures: a gnome king a Woodland-elf a pony 4 gnome lords a gnomish wizard a kitten 2 dwarves a rothe a wererat an iguana 2 acid blobs 2 coyotes 2 giant rats a yellow mold 14 gnomes a gecko 3 jackals 3 goblins 9 grid bugs 5 lichens 5 newts 61 creatures vanquished. Voluntary challenges: You used a wielded weapon 82 times, starting on turn 34. You read items or engraved 24 times, starting on turn 66. You never genocided any monsters. You never polymorphed an object. You never changed form. You used no wishes. You never split a pudding. You wrote Elbereth's name 1 time, starting on turn 398. You never violated your personal moral code. Dungeon overview: The Dungeons of Doom: levels 1 to 5 Level 1 a fountain a long staircase Level 2 a sink Level 3 Level 4 stairs to The Gnomish Mines Level 5 a fountain The Gnomish Mines: levels 5 to 7 Level 5 stairs to The Dungeons of Doom Level 6 Level 7 <- You were here some shops, a temple to Quetzalcoatl, some fountains, some trees History has recorded: On T:1 you entered the Dungeons of Doom to retrieve the Amulet of Yendor! On T:427 you reached level 2 of The Dungeons of Doom. On T:903 you advanced to experience level 2. On T:1189 you reached level 4 of The Dungeons of Doom. On T:1461 you reached level 5 of The Dungeons of Doom. On T:1804 you advanced to experience level 3. On T:2618 you reached level 1 of The Gnomish Mines. On T:2673 you advanced to experience level 4. On T:2778 you advanced to experience level 5. On T:2911 you reached level 3 of The Gnomish Mines. On T:3645 you advanced to experience level 6. Score breakdown: Gold: 1439 (10743 points) Experience: 6 levels (12456 points) Exploration: 7 levels ( 13.46%) (10289 points) Discoveries: 14 items ( 4.70%) ( 6502 points) Valuables value: (no points given unless you survive) Artifact value: 0 ( 0 points) Variety of kills: 21 monsters ( 5.51%) ( 7043 points) Turncount: 3749 turns ( -929 points) Survival: died (score multiplied by 80%) Total score: 36883 Latest messages: The paper golem hits! The dart hits the ghoul. The dart hits the ghoul. Y - 3 arrows (in quiver). The arrow hits the ghoul. The arrow hits the paper golem. The arrow hits the paper golem. The wolf bites! You stop waiting. (2x) You hear a door open. You hear crashing rock. You hear bubbling water. The wolf bites! The ghoul hits! You are frozen by the ghoul! The ghoul hits! The wolf bites! (2x) The ghoul hits! (2x) The wolf bites! (2x) You die... Final status: Goodbye serge_lutens the Archeologist, killed by a wolf, while paralyzed by a monster's touch... You died in The Gnomish Mines on dungeon level 7 with 36883 points, and 1439 pieces of gold, after 3749 moves. You were level 6 with a maximum of 53 hit points when you died.